[Event "July 23 Late 2024"]
[Site "Chess.com"]
[Date "2024.07.23"]
[Round "5.2"]
[White "Nakamura, Hikaru"]
[Black "Anton Guijarro, David"]
[Result "1-0"]
[ECO "B21"]
[WhiteElo "3231"]
[BlackElo "2943"]
[PlyCount "69"]
[EventDate "2024.??.??"]
[WhiteTeam "USA"]
[BlackTeam "ESP"]
[TimeControl "180+1"]
[WhiteClock "0:00:26"]
[BlackClock "0:00:04"]

1. e4 c5 2. d4 cxd4 3. c3 dxc3 4. Nxc3 e6 5. Nf3 a6 6. Bf4 Nc6 7. Be2 Nge7 ({RR} 7... d6 8. O-O Be7 9. Qb3 e5 10. Be3 Nf6 11. Bb6 Qd7 12. Rfd1 O-O 13. Rac1 h6 14. Nh4 Qe8 15. Ng6 Be6 16. Bc4 fxg6 17. Bxe6+ Kh7 18. Nd5 Bd8 19. Nxf6+ Rxf6 20. Bd5 Rb8 21. Be3 Be7 22. Qa4 {Nakamura,H (2775)-Caruana,F (2764) chess.com INT 2023 1-0 (44)}) ({RR} 7... d6 8. O-O Be7 9. Qb3 Nf6 10. Rfd1 Qc7 11. Qa3 e5 12. Bg5 O-O 13. Bxf6 Bxf6 14. Qxd6 Qxd6 15. Rxd6 Be7 16. Rdd1 Bc5 17. Rd5 Ba7 18. Nxe5 Nxe5 19. Rxe5 Be6 20. Nd5 Bd4 21. Rg5 b5 22. Rb1 {Jakobeit,D (2250)-Milov,L (2416) Karlsruhe GER 2025 ½-½ (40)}) 8. Qb3 $146 ({RR} 8. e5 Ng6 9. Bg3 h5 10. h3 h4 11. Bh2 b5 12. O-O Bb7 13. Ne4 Rc8 14. Rc1 Qc7 15. Nd6+ Bxd6 16. exd6 Qb6 17. Ng5 Qd4 18. Qb3 O-O 19. Qf3 Qf6 20. Qh5 Rfe8 21. Qh7+ Kf8 22. Ne4 Qxb2 {Winter Atwell,A (2250)-Nader,A (2469) Chess.com INT 2020 1-0 (31)}) 8... Ng6 9. Be3 b5 10. h4 Qc7 11. h5 Nf4 12. Bf1 Na5 13. Qd1 Nc4 14. Rc1 Bb4 15. Qb3 Ba5 16. Rh4 Nxe3 17. fxe3 Nxh5 18. Rxh5 Qg3+ 19. Ke2 O-O 20. Rg5 Qb8 21. Kf2 h6 22. Rh5 Bb7 23. Bd3 Bc7 24. Ne2 Rc8 25. Rch1 Bd6 26. g4 f6 27. Ned4 Re8 28. Bb1 Bg3+ 29. Kg2 d5 30. exd5 Bxd5 31. Rxd5 exd5 32. Qxd5+ Kh8 33. Qf5 Kg8 34. Qh7+ Kf8 35. Nf5 1-0